 Dungeon Crawl Stone Soup version 0.28.0-53-g5a82cb258f (webtiles) character file.

Game seed: 14560161751806335655

136 banonogon the Covered (level 4, -3/40 HPs)
             Began as a Minotaur Fighter on July 12, 2022.
             Was a Follower of Sif Muna.
             Slain by a gnoll
             ... wielding a +0 halberd
              (11 damage)
             ... on level 3 of the Dungeon.
             The game lasted 00:10:51 (2276 turns).

banonogon the Covered (Minotaur Fighter)            Turns: 2276, Time: 00:10:51

Health: -3/40      AC:  7    Str: 23    XL:     4   Next: 98%
Magic:  3/3        EV: 10    Int:  5    God:    Sif Muna [*.....]
Gold:   96         SH:  4    Dex:  9    Spells: 3/3 levels left

rFire   . . .      SeeInvis .   a - +0 war axe
rCold   . . .      Faith    .   c - +0 buckler
rNeg    . . .      Spirit   .   b - +0 scale mail
rPois   .          Reflect  .   (helmet restricted)
rElec   .          Harm     .   (no cloak)
rCorr   .          Rampage  .   (no gloves)
Will    .....                   (no boots)
Stlth   ..........              (no amulet)
HPRegen 0.13/turn               (no ring)
MPRegen 0.08/turn               (no ring)

@: mighty
A: horns 2, retaliatory headbutt
a: Renounce Religion, Channel Magic


You were on level 3 of the Dungeon.
You worshipped Sif Muna.
Sif Muna was aware of your devotion.
You visited 1 branch of the dungeon, and saw 4 of its levels.

You collected 96 gold pieces.

Inventory:

Hand Weapons
 a - a +0 war axe (weapon)
 f - a +0 dagger
 h - a +0 short sword
Missiles
 k - 2 poisoned darts (quivered)
Armour
 b - a +0 scale mail (worn)
 c - a +0 buckler (worn)
 j - a +0 leather armour
Scrolls
 l - a scroll of identify


   Skills:
 + Level 4.2 Fighting
 + Level 3.8 Axes
 + Level 4.5 Armour
 + Level 1.8 Dodging
 + Level 4.4 Shields


You had 3 spell levels left.
You didn't know any spells.
Your spell library contained the following spells:

 Spells                   Type           Power      Damage    Failure   Level
 Ignite Poison            Fire/Tmut/Pois 0%         N/A       99%         3
 Mephitic Cloud           Conj/Pois/Air  0%         N/A       99%         3
 Tukima's Dance           Hex            0%         N/A       99%         3
 Anguish                  Hex/Necr       0%         N/A       100%        4
 Freezing Cloud           Conj/Ice/Air   0%         6-21      100%        5
 Enfeeble                 Hex            0%         N/A       100%        7


Dungeon Overview and Level Annotations

Branches:
Dungeon (4/15)
 Temple: D:4-7

Altars:
Sif Muna


Innate Abilities, Weirdness & Mutations

You have a pair of horns on your head.
You reflexively headbutt those who attack you in melee.


Message History

You kill the gnoll!
Sif Muna accepts your kill. You block the gnoll's attack.
The gnoll hits you from afar with a +0 halberd!
* * * LOW HITPOINT WARNING * * *
There is a stone staircase leading down here.
The gnoll misses you.
You climb downwards.
The howler monkey howls!
There is a stone staircase leading up here.
You climb upwards.
The gnoll hits you but does no damage.
There is a stone staircase leading down here.
You feel better.
You hit the gnoll.
The gnoll is lightly wounded.
You block the gnoll's attack.
The gnoll hits you from afar with a +0 halberd.
* * * LOW HITPOINT WARNING * * *
The gnoll hits you with a +0 club.
* * * LOW HITPOINT WARNING * * *
You feel very mighty all of a sudden.
You slash the gnoll!
The gnoll is almost dead.
The gnoll hits you with a +0 club.
You hit the gnoll.
You kill the gnoll!
Sif Muna accepts your kill.
The gnoll hits you from afar with a +0 halberd.
The gnoll hits you from afar with a +0 halberd.
* * * LOW HITPOINT WARNING * * *
The gnoll barely misses you.
The gnoll hits you from afar with a +0 spear.
* * * LOW HITPOINT WARNING * * *
The gnoll completely misses you.
You slash the gnoll!
You kill the gnoll!
Sif Muna accepts your kill. The gnoll misses you.
The gnoll hits you with a +0 halberd!
You die...

### #.. #.# #.#
#.# ###.###
##..@g.##
#.)###..# #
###.##
##.######.#
##...# #........#
#..### ###...####
#.## #+# ##..#
#.# +.+ #..##
#.## #.# ##...#
#..###.#.###.)..#


You could see a gnoll.

Vanquished Creatures
  A jelly (D:2)
  3 gnolls (D:3)
  An adder (D:2)
  3 worms (D:2)
  2 dart slugs (D:1)
  7 ball pythons
  5 endoplasms
  3 giant cockroaches
  2 goblins (D:1)
  2 hobgoblins
  4 jackals (D:2)
  8 kobolds
  A quokka (D:1)
  6 bats (D:1)
  6 frilled lizards
  5 rats (D:1)
59 creatures vanquished.

Notes
Turn   | Place    | Note
-------+----------+-------------------------------------------
     0 | D:1      | banonogon the Minotaur Fighter began the quest for the Orb.
     0 | D:1      | Reached XP level 1. HP: 19/19 MP: 0/0
   377 | D:1      | Reached XP level 2. HP: 27/27 MP: 1/1
   969 | D:1      | Reached XP level 3. HP: 28/33 MP: 2/2
  1556 | D:2      | Reached skill level 1 in Dodging
  1556 | D:2      | Reached XP level 4. HP: 33/40 MP: 3/3
  1799 | D:2      | Found a faded altar of an unknown god.
  1820 | D:2      | Prayed at the altar of an unknown god.
  1820 | D:2      | Became a worshipper of Sif Muna the Loreminder
  1820 | D:2      | Reached * piety under Sif Muna
  2121 | D:3      | HP: 2/40 [gnoll/+0 halberd (10)]
  2276 | D:3      | Slain by a gnoll

Illustrated notes

Levels and vault maps discovered:
D:1:      dpeg_arrival_subterranean_lakeside_camping, layout_loops_corners,
          serial_rivers, chequers_serial_rivers_micro_a,
          chequers_serial_rivers_marsh, chequers_serial_rivers_small_a,
          chequers_serial_rivers_micro_e, chequers_serial_rivers_room_b,
          serial_bayou_ford_a, minmay_misc_feat_tower
D:2:      layout_rooms, shapermc_ecumenical_altar_pompeii,
          minmay_misc_feat_nine_boxes
D:3:      layout_loops_ring, nemelex_dance_club_becter,
          pdpol_wu_jian_five_deadly_venoms, mainiacjoe_overflow_boulevard,
          uniq_terence
D:4:      layout_rooms, grunt_gozag_statues

Skill      XL: |  1  2  3 |
---------------+----------+-----
Armour         | 4 |  4.5
Fighting       | 4 |  4.2
Axes           | 3 |  3.8
Dodging        | 1 |  1.8
Shields        | 4 |  4.4

Action                   |  1- 3 |  4- 6 || total
-------------------------+-------+-------++-------
Melee: War axe           |    91 |    35 ||   126
       Headbutt          |    15 |     5 ||    20
  Use: Scroll            |     5 |     1 ||     6
       Potion            |       |     5 ||     5
Armor: Scale mail        |    46 |    20 ||    66
Dodge: Dodged            |    33 |    23 ||    56
Block: Buckler           |    22 |     6 ||    28
